 Dungeon Crawl Stone Soup version 0.29-a0-582-ge82337ba6a (webtiles) character file.

Game seed: 4319907845442858073

1622 porpoise the Archer (level 8, -2/51 HPs)
             Began as a Tengu Hunter on June 15, 2022.
             Was an Initiate of Hepliaklqana.
             Slain by a shadow wraith (7 damage)
             ... created by the anger of Yredelemnul
             ... on level 5 of the Dungeon.
             The game lasted 00:19:19 (5533 turns).

porpoise the Archer (Tengu Hunter)                  Turns: 5533, Time: 00:19:20

Health: -2/51      AC: 12    Str: 11    XL:     8   Next: 96%
Magic:  9/9        EV: 13    Int: 10    God:    Hepliaklqana [......]
Gold:   175        SH:  0    Dex: 20    Spells: 7/7 levels left

rFire   + . .      SeeInvis .   a - +1 shortbow
rCold   . . .      Faith    .   (shield currently unavailable)
rNeg    . . .      Spirit   .   d - +5 ring mail "Myuc" {rElec}
rPois   .          Reflect  .   o - +2 hat
rElec   +          Harm     .   (no cloak)
rCorr   .          Rampage  .   (no gloves)
Will    .....                   (boots unavailable)
Stlth   ++........              i - amulet of regeneration
HPRegen 0.97/turn               h - ring of protection from fire
MPRegen 0.11/turn               (no ring)

@: flying quickly and evasively, slowed, very slow
A: beak, talons 3, nimble flight
a: Renounce Religion


You were on level 5 of the Dungeon.
You worshipped Hepliaklqana.
Hepliaklqana was noncommittal.
You visited 2 branches of the dungeon, and saw 6 of its levels.
You also visited: Sewer.

You collected 201 gold pieces.
You spent 26 gold pieces at shops.

Inventory:

Hand Weapons
 a - a +1 shortbow (weapon)
Missiles
 g - 6 boomerangs
 k - 4 javelins
 r - 9 poisoned darts
Armour
 d - the +5 ring mail "Myuc" (worn) {rElec}
   (You found it on level 3 of the Dungeon)

   rElec:     It insulates you from electricity.
 o - a +2 hat (worn)
Jewellery
 h - a ring of protection from fire (left hand)
 i - an amulet of regeneration (around neck)
Wands
 x - a wand of acid (4)
Scrolls
 c - a scroll of immolation
 f - a scroll of enchant armour
 l - 2 scrolls of summoning {unknown}
 m - 2 scrolls of teleportation
 n - 2 scrolls of fog
 s - a scroll of enchant weapon {unknown}
 v - a scroll of poison {unknown}
Potions
 b - 2 potions of curing
 e - 2 potions of brilliance
 j - 2 potions of heal wounds {unknown}
 p - a potion of attraction
 q - a potion of haste
 t - a potion of magic {unknown}
 u - 2 potions of invisibility
 w - 2 potions of lignification {unknown}


   Skills:
 + Level 5.9 Fighting
 * Level 10.4 Bows
 - Level 2.1 Dodging
 + Level 4.2 Stealth


You had 7 spell levels left.
You didn't know any spells.
Your spell library contained the following spells:

 Spells                   Type           Power      Damage    Failure   Level
 Foxfire                  Conj/Fire      0%         2x1d4     67%         1
 Magic Dart               Conj           0%         1d3       67%         1
 Call Imp                 Summ           0%         N/A       80%         2
 Ensorcelled Hibernation  Hex/Ice        0%         N/A       80%         2
 Poisonous Vapours        Pois/Air       0%         N/A       80%         2
 Conjure Flame            Conj/Fire      0%         6-21      95%         3
 Gell's Gravitas          Tloc           0%         N/A       95%         3
 Ignite Poison            Fire/Tmut/Pois 0%         N/A       95%         3
 Inner Flame              Hex/Fire       0%         N/A       95%         3
 Mephitic Cloud           Conj/Pois/Air  0%         N/A       95%         3
 Summon Guardian Golem    Hex/Summ       0%         N/A       95%         3
 Teleport Other           Tloc           0%         N/A       95%         3
 Flame Wave               Conj/Fire      0%         2d4       100%        4
 Fulminant Prism          Conj/Hex       0%         3d6       100%        4
 Iskenderun's Mystic Bla  Conj/Tloc      0%         2d3       100%        4
 Sticky Flame             Conj/Fire      0%         2d3       100%        4
 Lee's Rapid Deconstruct  Erth           0%         3d5*      100%        5
 Dispersal                Tloc           0%         N/A       100%        6
 Orb of Destruction       Conj           0%         9d5       100%        7
 Spellforged Servitor     Conj/Summ      0%         N/A       100%        7
 Polar Vortex             Ice            0%         N/A       100%        9


Dungeon Overview and Level Annotations

Branches:
Dungeon (5/15)             Temple (1/1) D:5           Sewer (visited)

Altars:
Ashenzari
Cheibriados
Dithmenos
Elyvilon
Fedhas
Gozag
Hepliaklqana
Nemelex Xobeh
Okawaru
Sif Muna
Trog
Uskayaw
Vehumet
Xom
Yredelemnul
Zin
The Shining One

Shops:
D:1 *   D:5 (


Innate Abilities, Weirdness & Mutations

You have a beak for a mouth.
You have claws for feet.
Your magical nature lets you fly swiftly and evasively.


Message History

You shoot an arrow. Something hits you. Something drains your vigour!
You feel yourself slow down.
Unknown command.
Shoot: a) +1 shortbow
Press: ? - help, Q - select action, (/) - cycle Shift-Dir - straight line You shoot an arrow.
Something hits you. Something drains your vigour!
You feel as though you will be slow longer.
Something hits you but does no damage.
Shoot: a) +1 shortbow
Press: ? - help, Q - select action, (/) - cycle Shift-Dir - straight line You shoot an arrow.
Something hits you!
Unknown command.
Shoot: a) +1 shortbow
Press: ? - help, Q - select action, (/) - cycle Shift-Dir - straight line You shoot an arrow.
Something hits you! Something drains your vigour!
You feel as though you will be slow longer.
Something barely misses you.
Shoot: a) +1 shortbow
Press: ? - help, Q - select action, (/) - cycle Shift-Dir - straight line You shoot an arrow.
Something hits you!
* * * LOW HITPOINT WARNING * * *
Something drains your vigour!
You feel as though you will be slow longer.
Something hits you but does no damage.
Shoot: a) +1 shortbow
Press: ? - help, Q - select action, (/) - cycle Shift-Dir - straight line You shoot an arrow.
Something completely misses you.
Unknown command.
Shoot: a) +1 shortbow
Press: ? - help, Q - select action, (/) - cycle Shift-Dir - straight line You shoot an arrow.
Something hits you.
* * * LOW HITPOINT WARNING * * *
Something hits you!
You die...

.......## #...# #.#.## ^^.....#
###.#.# #.#..#########
......#####.....####.##.....#....
....^......#####..[<.######......
...#.......#...#.##### ###....
####.......#.>.#.# #....
...........#...#.# #....
####.......#.∩.#{# #....
#.......#...#@# #....
#.......#####.# #....
#........,,,.## #....
*******,,,,##* ##### ******


There were no monsters in sight!

Vanquished Creatures
  Pikel (D:3)
  Grinder (D:4)
  A black bear (D:5)
  3 bullfrogs
  3 scorpions
  2 hounds (D:5)
  A jelly (D:5)
  An iguana (D:5)
  Natasha (thrice) (D:4)
  5 gnolls
  12 adders
  6 river rats (Sewer)
  3 dart slugs
  3 orcs
  6 bats
  8 endoplasms
  3 giant cockroaches
  9 goblins
  6 hobgoblins
  9 kobolds
  6 quokkas
  22 ball pythons
  9 frilled lizards
  24 rats
147 creatures vanquished.

Vanquished Creatures (others)
  A plant (D:2)
1 creature vanquished.

Grand Total: 148 creatures vanquished

Notes
Turn   | Place    | Note
-------+----------+-------------------------------------------
     0 | D:1      | porpoise the Tengu Hunter began the quest for the Orb.
     0 | D:1      | Reached XP level 1. HP: 12/12 MP: 2/2
   159 | D:1      | Found Amyir's General Store.
   171 | D:1      | Bought a scroll of identify for 26 gold pieces
   193 | D:1      | Reached XP level 2. HP: 17/17 MP: 3/3
   872 | D:2      | Reached XP level 3. HP: 22/22 MP: 4/4
   965 | D:2      | Reached skill level 5 in Bows
  1715 | D:3      | Reached XP level 4. HP: 27/27 MP: 5/5
  2232 | D:3      | Identified the +5 ring mail "Myuc" {rElec}
  2297 | D:3      | Gained mutation: Your magical nature lets you fly swiftly
                  | and evasively. [Tengu growth]
  2297 | D:3      | Reached XP level 5. HP: 32/32 MP: 6/6
  2297 | D:3      | Found a faded altar of an unknown god.
  2423 | D:3      | Found a glowing golden altar of the Shining One.
  2704 | D:4      | Noticed Natasha
  2711 | D:4      | Killed Natasha
  2712 | D:4      | Reached skill level 6 in Bows
  2769 | D:4      | Found a white marble altar of Elyvilon.
  2935 | D:4      | Noticed Natasha
  2937 | D:4      | Killed Natasha
  3042 | D:4      | Reached XP level 6. HP: 37/37 MP: 7/7
  3067 | D:4      | Noticed Grinder
  3087 | D:4      | Killed Grinder
  3088 | D:4      | Reached skill level 7 in Bows
  3088 | D:4      | Reached XP level 7. HP: 30/43 MP: 8/8
  3224 | D:4      | Noticed Pikel
  3658 | D:3      | Killed Pikel
  3659 | D:3      | Reached skill level 5 in Fighting
  3659 | D:3      | Reached skill level 9 in Bows
  3659 | D:3      | Reached XP level 8. HP: 17/49 MP: 9/9
  3929 | D:4      | Noticed Natasha
  3938 | D:4      | Killed Natasha
  4008 | D:4      | Got the Volume of Frigorific Intoxication
  4184 | D:5      | Entered Level 5 of the Dungeon
  4295 | D:5      | Found a glowing drain.
  4299 | Sewer    | Entered a sewer
  5149 | D:5      | Reached skill level 10 in Bows
  5154 | D:5      | Found Naddas's Weapon Shoppe.
  5218 | D:5      | Found a staircase to the Ecumenical Temple.
  5241 | Temple   | Entered the Ecumenical Temple
  5294 | Temple   | Became a worshipper of Yredelemnul the Dark
  5345 | Temple   | Fell from the grace of Yredelemnul
  5345 | Temple   | Became a worshipper of Hepliaklqana the Forgotten
  5533 | D:5      | Slain by a shadow wraith

Illustrated notes

Levels and vault maps discovered:
D:1:      roderic_crop_circles_arrival_small, layout_loops_ring, serial_shops,
          nicolae_diamond_shop
D:2:      layout_basic, chequers_arboretum, minmay_misc_feat_rugged,
          lexackson_kobold_supper
D:3:      layout_rooms, nicolae_tso_swordbearing_angel,
          shapermc_ecumenical_altar_venn, amcnicky_mini_corridor_feature
D:4:      layout_basic, elyvilon_altar_4, minivault_11, uniq_grinder,
          uniq_natasha, uniq_pikel
D:5:      layout_rooms, minmay_temple_entry_glass, serial_shops,
          nicolae_take_the_stairs, gup_sewer_entry_spiral, hex_intersection,
          minmay_holes, chequers_serial_rivers_room_b
Temple:   regret_index_temple_waves

Skill      XL: |  1  2  3  4  5  6  7  8 |
---------------+-------------------------+-----
Bows           | 5 6 7 9 10 | 10.4
Stealth        | 2 4 |  4.2
Fighting       | 3 4 5 |  5.9
Dodging        | |  2.1

Action                   |  1- 3 |  4- 6 |  7- 9 || total
-------------------------+-------+-------+-------++-------
 Fire: Shortbow          |    99 |    89 |   238 ||   426
  Use: Scroll            |     3 |     4 |     7 ||    14
       Potion            |       |     1 |     3 ||     4
Armor: Leather armour    |     7 |       |       ||     7
       Ring mail         |     9 |    15 |    86 ||   110
Dodge: Dodged            |    18 |    22 |   137 ||   177

Table legend: (Time is in decaauts)
 A = Elapsed time spent in this place.
 B = Non-inter-level travel time spent in this place.
 C = Inter-level travel time spent in this place.
 D = Time resting spent in this place.
 E = Time spent auto-exploring this place.
 F = Levels seen in this place.
 G = Mean time per level.
                   A        B        C        D        E       F      G
               +--------+--------+--------+--------+--------+-----+--------+
         Total |   5438 |   5051 |    387 |   1000 |   2927 |   7 |  776.9 |
       Dungeon |   4659 |   4333 |    326 |    700 |   2725 |   5 |  931.8 |
        Temple |    157 |     97 |     60 |      0 |     76 |   1 |  157.0 |
         Sewer |    621 |    621 |      0 |    300 |    125 |   1 |  621.0 |
               +--------+--------+--------+--------+--------+-----+--------+

Top non-repeatable levels by time:
     D:2: 1159 daAuts
     D:3: 1082 daAuts
     D:1: 1004 daAuts
     D:4: 891 daAuts
   Sewer: 621 daAuts
     D:5: 522 daAuts
  Temple: 157 daAuts
